 Dungeon Crawl Stone Soup version 0.30-a0-352-g1e81539c98 (webtiles) character file.

Game seed: 3585629849254719328

56 Bnni the Shield-Bearer (level 3, -1/20 HPs)
             Began as a Vine Stalker Fighter on Nov 7, 2022.
             Slain by a gnoll
             ... wielding a +2 vampiric halberd
              (5 damage)
             ... on level 2 of the Dungeon.
             The game lasted 00:02:01 (863 turns).

Bnni the Shield-Bearer (Vine Stalker Fighter)        Turns: 863, Time: 00:02:02

Health: -1/20      AC:  6    Str: 18    XL:     3   Next: 97%
Magic:  0/4        EV:  9    Int:  8    God:
Gold:   46         SH:  5    Dex: 15    Spells: 2/2 levels left

rFire   . . .      SeeInvis .    a - +0 rapier
rCold   . . .      Faith    .    c - +0 buckler
rNeg    . . .      Spirit   +    b - +0 scale mail
rPois   .          Reflect  .    (no helmet)
rElec   .          Harm     .    (no cloak)
rCorr   +          Rampage  .    (no gloves)
Will    .....                    (no boots)
Stlth   ..........               (no amulet)
HPRegen 0.23/turn                d - ring of resist corrosion
MPRegen 0.09/turn                (no ring)

@: no status effects
A: fangs 2, magic shield, antimagic bite, no potion heal 2
a: no special abilities


You were on level 2 of the Dungeon.
You visited 1 branch of the dungeon, and saw 2 of its levels.

You collected 46 gold pieces.

Inventory:

Hand Weapons
 a - a +0 rapier (weapon)
Armour
 b - a +0 scale mail (worn)
 c - a +0 buckler (worn)
Jewellery
 d - a ring of resist corrosion (left hand)
Scrolls
 f - a scroll of teleportation {unknown}
 g - 2 scrolls of identify {unknown}
Potions
 e - a potion of ambrosia {unknown}
 h - a potion of haste {unknown}


   Skills:
 + Level 3.1 Fighting
 * Level 2.9 Short Blades
 - Level 2.4 Armour
 + Level 3.1 Shields


You had 2 spell levels left.
You didn't know any spells.
Your spell library contained the following spells:

 Spells                   Type           Power      Damage    Failure   Level
 Summon Small Mammal      Summ           0%         N/A       88%         1
 Blink                    Tloc           0%         N/A       95%         2
 Momentum Strike          Conj/Tloc      0%         3d8       95%         2
 Call Canine Familiar     Summ           0%         N/A       99%         3
 Lesser Beckoning         Tloc           0%         N/A       99%         3
 Summon Guardian Golem    Hex/Summ       0%         N/A       99%         3


Dungeon Overview and Level Annotations

Branches:
Dungeon (2/15)

Altars:

Shops:
D:1 =


Innate Abilities, Weirdness & Mutations

You have extremely sharp teeth.
When hurt, damage is shared between your health and your magic reserves.
Your bite disrupts and absorbs the magic of your enemies.
Potions cannot restore your health.


Message History

The gnoll shouts!
Throw: throwing net
Press: ? - help, Shift-Dir - straight line, f - gnoll
Aim: a gnoll, wielding a +2 vampiric halberd (63% to hit)
You throw a throwing net.
The throwing net barely misses the gnoll.
The gnoll hits you from afar with a +2 vampiric halberd!
Okay, then.
The gnoll barely misses you.
Unknown command.
You hit the gnoll. You bite the gnoll. You drain its power.
You feel invigorated.
The gnoll is heavily wounded.
The gnoll hits you with a +2 vampiric halberd!
The gnoll draws strength from your wounds!
You hit the gnoll but do no damage. You bite the gnoll. You drain its power.
You feel invigorated.
The gnoll is moderately wounded.
The gnoll hits you with a +2 vampiric halberd!
* * * LOW HITPOINT WARNING * * *
The gnoll draws strength from your wounds!
You hit the gnoll but do no damage. You bite the gnoll, but do no damage.
The gnoll closely misses you.
You hit the gnoll but do no damage. You bite the gnoll. You drain its power.
You feel invigorated.
The gnoll is lightly wounded.
The gnoll closely misses you.
You hit the gnoll. You bite the gnoll. You drain its power.
The gnoll is moderately wounded.
The gnoll barely misses you. x2
You hit the gnoll.
The gnoll is severely wounded.
The gnoll barely misses you.
You barely miss the gnoll. Your bite misses the gnoll.
The gnoll is severely wounded.
You block the gnoll's attack.
You hit the gnoll.
The gnoll is almost dead.
The gnoll hits you with a +2 vampiric halberd!
You die...

.#.#....P.P..#
.(.....P.....#
##.#.......P.#
....:PPP.P...#
....P.......####
#.#..P...P.....
......##.#..gPP....####..
...#g......?@..........#
......#.............####
#..##......#†.#####.#
#..# ##.##...## .. #..# #
#.#.# ## #..# #)#.# #.<#
#.#.# #..#######.#.#
#..........#.#


You could see a gnoll.

Vanquished Creatures
  2 gnolls (D:2)
  An adder (D:2)
  2 dart slugs (D:1)
  2 endoplasms (D:1)
  A giant cockroach (D:1)
  2 goblins (D:1)
  2 hobgoblins (D:1)
  2 quokkas (D:1)
  4 ball pythons (D:1)
  A bat (D:1)
  2 frilled lizards (D:1)
  2 kobolds (D:1)
  3 rats (D:1)
26 creatures vanquished.

Vanquished Creatures (others)
  9 plants (D:2)
9 creatures vanquished.

Grand Total: 35 creatures vanquished

Notes
Turn   | Place    | Note
-------+----------+-------------------------------------------
     0 | D:1      | Bnni the Vine Stalker Fighter began the quest for the Orb.
     0 | D:1      | Reached XP level 1. HP: 11/11 MP: 2/2
   100 | D:1      | Found Hifim's One-of-a-Kind Rings.
   116 | D:1      | Reached XP level 2. HP: 16/16 MP: 3/3
   550 | D:1      | Reached XP level 3. HP: 20/20 MP: 4/4
   863 | D:2      | Slain by a gnoll

Illustrated notes

Levels and vault maps discovered:
D:1:      lemuel_arrival_room, layout_loops_ring, nicolae_shop_unique_rings,
          minmay_misc_feat_room
D:2:      kennysheep_the_goblin_king, layout_loops_ring, nicolae_grassy_gnolls

Skill      XL: |  1  2 |
---------------+-------+-----
Short Blades   | 2 |  2.9
Fighting       | 3 |  3.1
Shields        | 3 |  3.1
Armour         | |  2.4

Action                   || total
-------------------------++-------
Melee: Rapier            ||    83
       Bite              ||    20
Throw: Throwing net      ||     1
  Use: Potion            ||     1
Armor: Scale mail        ||    24
Dodge: Dodged            ||    34
Block: Buckler           ||    14

Table legend: (Time is in decaauts)
 A = Elapsed time spent in this place.
 B = Non-inter-level travel time spent in this place.
 C = Inter-level travel time spent in this place.
 D = Time resting spent in this place.
 E = Time spent auto-exploring this place.
 F = Levels seen in this place.
 G = Mean time per level.
                   A        B        C        D        E       F      G
               +--------+--------+--------+--------+--------+-----+--------+
         Total |    872 |    854 |     18 |     22 |    642 |   2 |  436.0 |
       Dungeon |    872 |    854 |     18 |     22 |    642 |   2 |  436.0 |
               +--------+--------+--------+--------+--------+-----+--------+

Top non-repeatable levels by time:
     D:1: 731 daAuts
     D:2: 140 daAuts
